 Dungeon Crawl Stone Soup version 0.29.0-4-gdea44cf6ec (webtiles) character file.

Game seed: 4696231504840889573

4 qw the Sneak (level 1, 0/14 HPs)
             Began as a Gargoyle Delver on Sept 10, 2022.
             Killed by divine providence
             ... invoked by an orc priest
              (13 damage)
             ... on level 4 of the Dungeon.
             The game lasted 00:00:12 (1538 turns).

qw the Sneak (Gargoyle Delver)                      Turns: 1538, Time: 00:00:12

Health: 0/14       AC:  5    Str: 15    XL:     1   Next: 70%
Magic:  1/1        EV: 11    Int: 10    God:
Gold:   43         SH:  0    Dex: 11    Spells: 0/0 levels left

rFire   . . .      SeeInvis .   a - +0 hand axe
rCold   . . .      Faith    .   (no shield)
rNeg    + . .      Spirit   .   b - +0 leather armour
rPois   inf        Reflect  .   (no helmet)
rElec   +          Harm     .   (no cloak)
rCorr   .          Rampage  .   (no gloves)
Will    .....                   (no boots)
Stlth   +++.......              (no amulet)
HPRegen 0.04/turn               (no ring)
MPRegen 0.07/turn               (no ring)

@: no status effects
A: sickness immunity, AC +2, negative energy resistance 1, electricity
resistance, torment resistance 1, petrification resistance
a: no special abilities


You were on level 4 of the Dungeon.
You visited 1 branch of the dungeon, and saw 2 of its levels.

You collected 43 gold pieces.


Innate Abilities, Weirdness & Mutations

You are immune to sickness and miasma.
Your stone body is resilient. (AC +2)
You are immune to poison.
You resist negative energy. (rN+)
You are resistant to electric shocks. (rElec)
You are resistant to unholy torment.
You are immune to petrification.


   Skills:
 - Level 3.2 Fighting
 + Level 2.2 Axes
 - Level 1.5 Dodging
 - Level 5.4 Stealth


You couldn't memorise any spells.
You didn't know any spells.
Your spell library was empty.

Inventory:

Hand Weapons
 a - a +0 hand axe (weapon)
Armour
 b - a +0 leather armour (worn)
Wands
 g - a wand of digging (3)
Scrolls
 c - a scroll of identify {unknown}
Potions
 d - a potion of ambrosia {unknown}
 f - a potion of haste
 h - a potion of lignification {unknown}

Dungeon Overview and Level Annotations

Branches:
Dungeon (5/15)
 Temple: D:4-7

Altars:
Makhleb


Message History

You start waiting.
Done waiting.
Things that are here:
a +0 club; a +0 ring mail
1427 ||| Stepping ~*~*~tactically~*~*~ (hiding).
You start waiting.
Done waiting.
The orc wizard shouts!
A kobold comes into view. It is wielding a +0 whip.
Things that are here:
a +0 club; a +0 ring mail
1529 ||| Stepping ~*~*~tactically~*~*~ (stealth).
A kobold and an orc priest come into view.
Things that are here:
a +0 club; a +0 ring mail
1531 ||| Stepping ~*~*~tactically~*~*~ (stealth).
The orc wizard casts a spell at you.
You are confused.
Things that are here:
a +0 club; a +0 ring mail The kobold shouts!
The orc priest shouts!
The orc wizard barely misses you.
You miss the orc wizard. The orc wizard barely misses you.
You closely miss the orc wizard.
The orc wizard hits you but does no damage.
A hobgoblin comes into view.
You miss the orc wizard.
The hobgoblin shouts!
The orc wizard hits you with a +0 dagger.
You feel less confused.
The orc priest calls down the wrath of Beogh upon you.
You are unaffected.
The orc wizard barely misses you.
You hit the orc wizard.
The orc wizard is moderately wounded.
You closely miss the orc priest.
The orc priest mumbles some strange prayers to Beogh against you.
Beogh smites you!
Ouch! That really hurt!
You die...

#............##.##..
####.#.............#...
.....#..............g#
.....#...............###
#.........###.##........
#..............#........
..............)#K.......
................oo......
..##............@.......
.###.....###..##........
.##....... #.###.?......
....#.... #. ###......
#.### ... #. ...... ....
.. .?.... ..#.. .....
....## ..... .##..


You could see an orc priest, an orc wizard, a hobgoblin and a kobold.

Vanquished Creatures
  An orc (D:4)
  2 endoplasms (D:4)
3 creatures vanquished.

Notes
Turn   | Place    | Note
-------+----------+-------------------------------------------
     0 | D:5      | qw the Gargoyle Delver began the quest for the Orb.
     0 | D:5      | Reached XP level 1. HP: 14/14 MP: 1/1
     0 | D:5      | 0 ||| qw: Version: 0.1-a-116-g5d60599
     0 | D:5      | 0 ||| qw: Game counter: 8122
     0 | D:5      | 0 ||| qw: Always use a shield: true
     0 | D:5      | 0 ||| qw: God list: Okawaru
     0 | D:5      | 0 ||| qw: Allow faded altars: false
     0 | D:5      | 0 ||| qw: Do Orc after D:15 true
     0 | D:5      | 0 ||| qw: Do second Lair branch before Depths: true
     0 | D:5      | 0 ||| qw: Lair rune preference: random
     0 | D:5      | 0 ||| qw: Plans: Normal
     0 | D:5      | 0 ||| PLANNING D:1-11
    44 | D:5      | 44 ||| DROPPING scroll of fog.
    45 | D:5      | 45 ||| DROPPING scroll of magic mapping.
    46 | D:5      | 46 ||| DROPPING scroll of fear.
   322 | D:4      | Found a burning altar of Makhleb.
   404 | D:4      | Noticed an orc wizard
   405 | D:4      | 405 ||| Stepping ~*~*~tactically~*~*~ (hiding).
   507 | D:4      | 507 ||| Stepping ~*~*~tactically~*~*~ (hiding).
   609 | D:4      | 609 ||| Stepping ~*~*~tactically~*~*~ (hiding).
   711 | D:4      | 711 ||| Stepping ~*~*~tactically~*~*~ (hiding).
   813 | D:4      | 813 ||| Stepping ~*~*~tactically~*~*~ (hiding).
   915 | D:4      | 915 ||| Stepping ~*~*~tactically~*~*~ (hiding).
  1017 | D:4      | 1017 ||| Stepping ~*~*~tactically~*~*~ (hiding).
  1119 | D:4      | 1119 ||| Stepping ~*~*~tactically~*~*~ (hiding).
  1221 | D:4      | 1221 ||| Stepping ~*~*~tactically~*~*~ (hiding).
  1325 | D:4      | 1325 ||| Stepping ~*~*~tactically~*~*~ (hiding).
  1427 | D:4      | 1427 ||| Stepping ~*~*~tactically~*~*~ (hiding).
  1529 | D:4      | 1529 ||| Stepping ~*~*~tactically~*~*~ (stealth).
  1530 | D:4      | Noticed an orc priest
  1531 | D:4      | 1531 ||| Stepping ~*~*~tactically~*~*~ (stealth).
  1538 | D:4      | Killed from afar by an orc priest

Levels and vault maps discovered:
D:4:      layout_cave_pools, mainiacjoe_overflow_cross_hatched,
          minmay_temple_entry_hall
D:5:      layout_cave_pods, grunt_ministairs_13

Skill      XL: |  1 |
---------------+----+-----
Axes           | 2 |  2.2
Fighting       | |  3.2
Dodging        | |  1.5
Stealth        | |  5.4

Action                   || total
-------------------------++-------
Melee: Hand axe          ||    16
 Stab: Sleeping          ||     1
Armor: Leather armour    ||     2
Dodge: Dodged            ||     7

Table legend:
 A = Non-vault XP
 B = Vault XP
 C = Vault XP percentage of total XP
 D = Non-vault monster count
 E = Vault monster count
 F = Vault count percentage of total count
                 A         B        C        D         E       F
            +---------+---------+-------+---------+---------+-------
      Total |       7 |       0 |   0.0 |       3 |       0 |   0.0
            +---------+---------+-------+---------+---------+-------
        D:4 |       7 |       0 |   0.0 |       3 |       0 |   0.0
            +---------+---------+-------+---------+---------+-------
